 Dungeon Crawl Stone Soup version 0.18.1-50-g88ac8fd (webtiles) character file.

150 magog001 the Skirmisher (level 5, -4/47 HPs)
             Began as a Hill Orc Fighter on Sept 1, 2018.
             Was an Initiate of Nemelex Xobeh.
             Killed from afar by an orc wizard (9 damage)
             ... with a magic dart
             ... on level 4 of the Dungeon.
             The game lasted 00:09:37 (2267 turns).

magog001 the Skirmisher (Hill Orc Fighter)          Turns: 2267, Time: 00:09:38

Health: -4/47      AC: 10    Str: 22    XL:     5   Next: 32%
Magic:  5/5        EV:  8    Int:  8    God:    Nemelex Xobeh [......]
Gold:   30         SH:  9    Dex: 10    Spells: 0 memorised, 4 levels left

rFire  . . .     SeeInvis .     a - +0 war axe
rCold  + . .     Gourm    .     b - +0 scale mail
rNeg   + . .     Faith    .     c - +0 shield
rPois  .         Spirit   .     s - +0 helmet
rElec  .         Dismiss  .     r - +0 cloak
rCorr  .         Reflect  .     (no gloves)
SustAt .         Harm     .     x - +0 pair of boots
MR     .....                    (no amulet)
Stlth  ..........               (no ring)
                                q - ring of positive energy

@: lethally poisoned (-4 -> -7), slowed, very slow, not resistant to hostile
enchantments, extremely unstealthy
A: cold resistance 1, slow regeneration 1, strong 1
a: Renounce Religion


You were on level 4 of the Dungeon.
You worshipped Nemelex Xobeh.
Nemelex Xobeh was noncommittal.
You were hungry.

You visited 1 branch of the dungeon, and saw 4 of its levels.

You collected 30 gold pieces.

Inventory:

Hand Weapons
 a - a +0 war axe (weapon)
Missiles
 g - 34 sling bullets
 h - 16 poisoned needles
 n - 21 bolts
Armour
 b - a +0 scale mail (worn)
 c - a +0 shield (worn)
 r - a +0 cloak (worn)
 s - a +0 helmet (worn)
 x - a +0 pair of boots (worn)
Jewellery
 q - a ring of positive energy (left hand)
Scrolls
 e - a scroll of blinking {unknown}
 i - a scroll of amnesia {unknown}
 j - 2 scrolls of identify {unknown}
 l - 2 scrolls of enchant armour {unknown}
 p - a scroll of teleportation {unknown}
 u - a scroll of enchant weapon {unknown}
Potions
 k - a potion of curing {unknown}
 m - a potion of mutation
 o - 2 potions of magic {unknown}
 t - a potion of invisibility {unknown}
Miscellaneous
 w - a plain deck of destruction
Comestibles
 d - a chunk of flesh
 f - 3 bread rations
 v - a meat ration


   Skills:
 * Level 4.6 Fighting
 * Level 4.0 Axes
 * Level 4.3 Armour
 + Level 1.0 Dodging
 + Level 0.3 Stealth
 * Level 3.8 Shields


You had 4 spell levels left.
You didn't know any spells.

Dungeon Overview and Level Annotations

Branches:
Dungeon (4/15)
 Temple: D:4-7

Altars:
Nemelex Xobeh


Innate Abilities, Weirdness & Mutations

Your flesh is cold resistant.
You regenerate slowly when monsters are visible.
Your muscles are strong. (Str +2)


Message History

The adder is lightly wounded.
You are feeling hungry.
You feel sick. The adder bites you but does no damage.
The orc wizard gestures at you while chanting.
You feel yourself slow down. The adder barely misses you.
Unknown command.
The adder bites you but does no damage.
Things that are here:
a falchion; an orc corpse You feel sick.
The adder completely misses you.
The orc wizard gestures wildly while chanting.
The orc wizard blinks!
The adder bites you but does no damage. The orc wizard casts a spell at you.
The magic dart hits you!
* * * LOW HITPOINT WARNING * * *
You block the adder's attack. The orc wizard casts a spell at you.
The magic dart hits you!
You die...
Your body disappears without a glow.

###.........#
###...........#
###..............
#..............#
#.....o.......#
#............#
#....)..>...#
#.....S)...##
##.<@....###
#..###### #...
##..# #..# #...
#... ##..#


You could see an orc wizard and an adder.

Vanquished Creatures
  Terence (D:2)
  An iguana (D:4)
  Robin (D:2)
  4 adders (D:2)
  An ooze (D:2)
  2 orcs (D:4)
  2 giant cockroaches
  13 goblins
  5 hobgoblins
  2 jackals (D:1)
  2 quokkas (D:2)
  3 bats
  4 giant newts
  6 kobolds
  4 rats
51 creatures vanquished.

Notes
Turn   | Place    | Note
--------------------------------------------------------------
     0 | D:1      | magog001 the Hill Orc Fighter began the quest for the Orb.
     0 | D:1      | Reached XP level 1. HP: 19/19 MP: 1/1
   380 | D:1      | Reached XP level 2. HP: 26/27 MP: 2/2
   848 | D:2      | Found a faded altar to an unknown god.
  1058 | D:2      | Reached XP level 3. HP: 22/33 MP: 3/3
  1562 | D:2      | Found a sparkling altar of Nemelex Xobeh.
  1582 | D:2      | Became a worshipper of Nemelex Xobeh the Trickster
  1609 | D:2      | Noticed Terence
  1618 | D:2      | Killed Terence
  1618 | D:2      | Reached XP level 4. HP: 34/40 MP: 4/4
  1717 | D:2      | Noticed Robin
  1750 | D:2      | Killed Robin
  1885 | D:2      | Reached XP level 5. HP: 47/47 MP: 5/5
  1916 | D:2      | Reached skill level 1 in Dodging
  2130 | D:3      | Received a gift from Nemelex Xobeh
  2262 | D:4      | Gained mutation: You regenerate slowly when monsters are visible. [potion of mutation]
  2262 | D:4      | Gained mutation: Your flesh is cold resistant. [potion of mutation]
  2262 | D:4      | Gained mutation: Your muscles are strong. (Str +2) [potion of mutation]
  2267 | D:4      | Killed from afar by an orc wizard

Skill      XL: |  1  2  3  4  5 |
---------------+----------------+-----
Axes           | 3 4 |  4.0
Fighting       | 4 |  4.6
Armour         | 4 |  4.3
Dodging        | 1 |  1.0
Stealth        | |  0.3
Shields        | |  3.8

Action                   |  1- 3 |  4- 6 || total
-------------------------+-------+-------++-------
Melee: War axe           |    89 |    57 ||   146
  Use: Potion            |     1 |     1 ||     2
  Eat: Chunk             |     2 |     2 ||     4
Armor: Scale mail        |    33 |    42 ||    75
Dodge: Dodged            |    34 |    27 ||    61
Block: Shield            |    52 |    34 ||    86
